 Dungeon Crawl Stone Soup version 0.27.1-34-g3ba077fa99 (webtiles) character file.

Game seed: 18140230795743859963

21 mtoz the Conjurer (level 2, -2/15 HPs)
             Began as a Deep Elf Conjurer on Jan 3, 2022.
             Killed from afar by Natasha (3 damage)
             ... with a magic dart
             ... on level 2 of the Dungeon.
             The game lasted 00:06:01 (1555 turns).

mtoz the Conjurer (Deep Elf Conjurer)               Turns: 1555, Time: 00:06:02

Health: -2/15      AC:  2    Str:  4    XL:     2   Next: 65%
Magic:  1/8        EV: 12    Int: 22    God:
Gold:   29         SH:  0    Dex: 13    Spells: 6/7 levels left

rFire    . . .     SeeInvis .   (no weapon)
rCold    . . .     Faith    .   (no shield)
rNeg     . . .     Spirit   .   a - +0 robe
rPois    .         Reflect  .   (no helmet)
rElec    .         Harm     .   (no cloak)
rCorr    .         Rampage  .   (no gloves)
Will     .....                  (no boots)
Stlth    ++........             (no amulet)
HPRegen  0.05/turn              (no ring)
MPRegen  0.11/turn              (no ring)

@: no status effects
A: no striking features
a: no special abilities


You were on level 2 of the Dungeon.
You visited 1 branch of the dungeon, and saw 2 of its levels.

You collected 29 gold pieces.

Inventory:

Hand Weapons
 j - a +0 short sword
 l - a +0 dire flail
 m - a +0 dagger
Missiles
 n - 20 bolts
Armour
 a - a +0 robe (worn)
Scrolls
 b - a scroll of fog {unknown}
 d - a scroll of magic mapping {unknown}
 f - a scroll of enchant weapon {unknown}
 g - 6 scrolls of noise {unknown}
 i - a scroll of identify {unknown}
Potions
 c - a potion of haste {unknown}
 e - a potion of curing {unknown}
 h - a potion of might {unknown}
 k - 3 potions of brilliance {unknown}


   Skills:
 + Level 2.9 Dodging
 + Level 2.9 Stealth
 + Level 3.4 Spellcasting
 + Level 4.6 Conjurations


You had 6 spell levels left.
You knew the following spells:

 Your Spells              Type           Power      Damage    Failure   Level
a - Magic Dart            Conj           96%        1d7       1%          1

Your spell library contained the following spells:

 Spells                   Type           Power      Damage    Failure   Level
 Searing Ray              Conj           48%        3d5       2%          2
 Dazzling Flash           Conj/Hex       28%        N/A       14%         3
 Gell's Gravitas          Tloc           1%         N/A       34%         3
 Lesser Beckoning         Tloc           1%         N/A       34%         3
 Teleport Other           Tloc           3%         N/A       34%         3
 Fulminant Prism          Conj/Hex       7%         3d7       41%         4
 Iskenderun's Mystic Bla  Conj/Tloc      14%        2d5       41%         4


Dungeon Overview and Level Annotations

Branches:
Dungeon (2/15)

Altars:

Annotations:
D:2 Natasha


Message History

Confirm with . or Enter, or press ? or * to list all spells.
Aiming: Magic Dart (safe; 1% risk of failure)
Press: ? - help, Shift-Dir - straight line, f/p - Natasha
Aim: Natasha (severely wounded, 100% to hit)
The magic dart hits Natasha.
Natasha is severely wounded.
Natasha claws you.
Casting: Magic Dart (safe; 1% risk of failure)
Confirm with . or Enter, or press ? or * to list all spells.
Aiming: Magic Dart (safe; 1% risk of failure)
Press: ? - help, Shift-Dir - straight line, f/p - Natasha
Aim: Natasha (severely wounded, 100% to hit)
The magic dart hits Natasha but does no damage.
Natasha is severely wounded.
Natasha stares at you and mumbles some strange words.
The magic dart hits you!
Ouch! That really hurt!
* * * LOW HITPOINT WARNING * * *
Natasha claws you.
* * * LOW HITPOINT WARNING * * *
Okay, then.
Okay, then.
Casting: Magic Dart (safe; 1% risk of failure)
Confirm with . or Enter, or press ? or * to list all spells.
Aiming: Magic Dart (safe; 1% risk of failure)
Press: ? - help, Shift-Dir - straight line, f/p - Natasha
Aim: Natasha (severely wounded, 100% to hit)
The magic dart hits Natasha.
Natasha is almost dead.
Natasha casts a spell.
Casting: Magic Dart (safe; 1% risk of failure)
Confirm with . or Enter, or press ? or * to list all spells.
Aiming: Magic Dart (safe; 1% risk of failure)
Press: ? - help, Shift-Dir - straight line, f/p - Natasha
Aim: Natasha (almost dead, 100% to hit)
The magic dart hits Natasha.
Natasha is almost dead.
Natasha casts a spell at you. The magic dart hits you.
You die...

#..#.............#
#..#.# ######.##.#
#..#.# ####.##.# .
#..#.# #........ ..#
#..#.#####.##.##.#
#...###..........##.##..
..#..†..............##.#
........##.#####.#####.#
####.##@##.# #.#####.#
#...#h##.# #.......#
#.....##.###########.#
#..5#.##......<......#
#####................#
##################


You could see Natasha and a shadow imp (summoned).

Vanquished Creatures
  An adder skeleton (D:2)
  A dart slug (D:1)
  3 bats (D:2)
  An endoplasm (D:1)
  A giant cockroach (D:1)
  A goblin (D:2)
  A hobgoblin (D:1)
  4 ball pythons
  A frilled lizard (D:1)
  3 kobolds
17 creatures vanquished.

Notes
Turn   | Place    | Note
-------+----------+-------------------------------------------
     0 | D:1      | mtoz the Deep Elf Conjurer began the quest for the Orb.
     0 | D:1      | Reached XP level 1. HP: 10/10 MP: 6/6
   611 | D:1      | Reached XP level 2. HP: 15/15 MP: 6/8
  1295 | D:2      | Found a faded altar of an unknown god.
  1545 | D:2      | Noticed Natasha
  1555 | D:2      | Killed from afar by Natasha

Illustrated notes

Levels and vault maps discovered:
D:1:      lemuel_arrival_lava_pool, layout_basic
D:2:      layout_loops_ring, ebering_ecumenical_altar_rust,
          minmay_split_cup_small, uniq_natasha

Action                   || total
-------------------------++-------
 Cast: Magic Dart        ||    39
Armor: Robe              ||     1
Dodge: Dodged            ||     2
